Map: Turbo Cruise '84 LE

Players

Mez

  • Race: Terran Terran
  • League: Master
  • Spawn Location: 7:00

Meditail - Winner!

  • Race: Zerg Zerg
  • League: Master
  • Spawn Location: 3:00

VOD

Have the link to the VOD?

Description

Time

  • Played on: Aug. 1, 2019, 2:36 a.m.
  • Length: 11:05
Show
View Real Time Build Order
Export as new Build Order

Mez Terran 

Build Orders: Reaper Expand 

Get SALT Encoding   

  12  0:01  SCV  
  13  0:13  SCV  
  14  0:18  Supply Depot  
  14  0:29  SCV  
  15  0:41  SCV  
  15  0:42  Barracks  
  16  0:49  Refinery  
  16  0:53  SCV  
  17  1:05  SCV  
  19  1:18  SCV  
  19  1:31  Reaper, Orbital Command  
  20  1:48  Command Center  
  20  1:55  Barracks  
  20  1:59  SCV  
  21  2:06  Barracks Reactor  
  21  2:13  Barracks  
  21  2:25  Bunker  
  21  2:29  SCV  
  21  2:34  Supply Depot  
  21  2:44  Marine x2, Barracks Tech Lab  
  23  2:55  SCV  
  24  3:02  Orbital Command  
  24  3:03  Marine x3  
  29  3:06  Marauder  
  28  3:13  SCV  
  28  3:17  Combat Shield  
  29  3:24  Marine  
  29  3:26  Marine x2  
  32  3:34  SCV x2  
  32  3:42  Marine x2  
  32  3:46  SCV  
  32  3:47  SCV, Marine  
  36  3:51  Marine  
  37  4:00  Supply Depot  
  37  4:03  SCV x2  
  37  4:04  Engineering Bay  
  37  4:09  Marine x3  
  41  4:10  Marine  
  41  4:16  SCV x2  
  45  4:24  Supply Depot  
  45  4:28  SCV x2  
  47  4:40  SCV x2  
  47  4:42  Supply Depot  
  47  4:45  Stimpack, Terran Infantry Weapons Level 1  
  49  4:52  SCV  
  50  4:53  Marine x3  
  50  4:55  Marine  
  50  4:58  Command Center  
  54  5:01  SCV  
  54  5:04  SCV  
  56  5:08  Factory  
  56  5:09  Refinery  
  56  5:15  Refinery  
  56  5:16  SCV x2  
  54  5:40  Marine x2  
  54  5:41  SCV x2, Marine  
  52  5:45  Barracks  
  52  5:47  Barracks Reactor  
  52  5:48  Barracks  
  48  5:53  SCV, Starport  
  48  5:54  SCV  
  50  5:58  Marine  
  50  6:01  Barracks  
  51  6:04  Factory Reactor  
  51  6:05  Marine, Supply Depot  
  51  6:06  Marine  
  51  6:08  SCV  
  51  6:09  SCV  
  55  6:12  Orbital Command  
  55  6:16  Marine  
  56  6:20  Supply Depot  
  56  6:23  Marine  
  56  6:24  SCV x2, Marine x2, Marauder  
  63  6:29  Orbital Command  
  63  6:32  Supply Depot  
  63  6:34  Marine  
  63  6:36  Barracks Reactor, Barracks Tech Lab  
  63  6:37  Refinery  
  64  6:42  Terran Infantry Armor Level 1  
  64  6:46  Marine x3  
  67  6:47  Marine  
  67  6:49  Medivac x2  
  67  6:50  SCV x2  
  74  6:55  Marine x2  
  74  6:58  Concussive Shells  
  76  7:02  SCV  
  76  7:03  SCV x2  
  76  7:04  Marine x2  
  81  7:12  Marine x3  
  81  7:13  Marine  
  81  7:15  SCV x2  
  86  7:16  SCV  
  86  7:17  Supply Depot  
  86  7:18  Armory, Supply Depot  
  86  7:19  Engineering Bay  
  88  7:24  Medivac  
  88  7:25  Medivac  
  88  7:26  Marine x3  
  88  7:27  SCV  
  88  7:28  SCV x2  
  95  7:36  Missile Turret  
  89  7:39  SCV  
  89  7:40  SCV x2  
  89  7:51  SCV  
  89  7:55  Missile Turret, Marine  
  89  7:56  Missile Turret, Marine  
  91  7:59  Marine  
  92  8:08  Terran Infantry Weapons Level 2  
  92  8:16  SCV x3  
  95  8:21  Marine  
  95  8:22  Marine x3  
  95  8:24  Factory Reactor  
  99  8:28  SCV x3  
  99  8:34  Missile Turret x2  
  96  8:38  Missile Turret, Marine  
  96  8:39  Marine x5  
  96  8:40  SCV  
  103  8:46  Marine x2  
  104  8:53  Medivac x2  
  106  8:56  SCV x3  
  109  9:04  Missile Turret  
  109  9:05  Marine  
  109  9:06  Marine x7  
  109  9:08  SCV x2  
  110  9:20  SCV x3  
  110  9:23  Marine, Medivac  
  110  9:24  Marine x7  
  108  9:32  SCV x3  
  111  9:42  Missile Turret  
  111  9:43  Command Center  
  111  9:44  SCV x2  
  113  9:51  Factory  
  113  10:00  Supply Depot  
  113  10:02  Marine x6, Supply Depot  
  113  10:04  Marauder x2  
  108  10:20  Marine x6  
  105  10:25  Marine, Marauder  
  77  10:37  Marine  
  77  10:38  Marine x5  
  69  10:43  Marine  
  69  10:46  Marine  
Show
View Real Time Build Order
Export as new Build Order

Meditail Zerg - Winner!

Build Orders: Pool First 

Get SALT Encoding   

  12  0:00  Drone  
  13  0:13  Overlord  
  13  0:17  Drone  
  14  0:32  Drone x2  
  16  0:36  Drone  
  17  0:47  Spawning Pool  
  17  0:49  Drone  
  17  0:57  Drone  
  18  1:13  Hatchery  
  17  1:19  Extractor  
  17  1:23  Drone  
  17  1:25  Drone  
  18  1:39  Roach Warren  
  17  1:41  Queen  
  17  1:45  Zergling x2  
  20  1:48  Drone  
  20  1:52  Drone  
  22  2:07  Overlord  
  22  2:26  Roach  
  22  2:27  Roach x2  
  28  2:33  Queen  
  28  2:34  Queen  
  32  2:38  Drone  
  33  2:44  Overlord  
  33  2:50  Drone  
  34  2:54  Drone  
  34  2:55  Drone  
  36  3:12  Drone x2  
  38  3:14  Lair  
  38  3:17  Extractor  
  38  3:19  Drone x2  
  39  3:23  Overlord  
  39  3:29  Drone  
  39  3:41  Drone x3  
  38  3:42  Drone x2  
  38  3:48  Drone x3  
  38  3:55  Drone  
  42  4:02  Drone x3  
  45  4:05  Drone x2, Extractor  
  46  4:10  Extractor  
  46  4:12  Overlord  
  45  4:18  Spire  
  45  4:21  Drone x2  
  46  4:26  Drone  
  46  4:28  Drone  
  48  4:34  Overlord  
  49  4:38  Drone  
  49  4:40  Drone  
  49  4:41  Overlord x2  
  49  4:44  Roach  
  52  4:49  Roach x2  
  56  5:02  Drone  
  57  5:08  Hatchery  
  57  5:13  Roach x3  
  62  5:16  Roach x2  
  62  5:20  Roach x2  
  70  5:23  Roach  
  67  5:35  Drone x3  
  63  5:36  Drone x2  
  63  5:41  Drone  
  64  5:56  Drone x3  
  67  5:57  Overlord  
  67  6:07  Mutalisk x2  
  71  6:12  Mutalisk  
  71  6:17  Hatchery  
  72  6:20  Mutalisk  
  74  6:26  Mutalisk x2  
  74  6:29  Mutalisk  
  80  6:33  Mutalisk  
  82  6:43  Overlord x2  
  82  6:45  Drone x2  
  84  6:51  Evolution Chamber  
  84  6:53  Evolution Chamber  
  82  6:56  Drone  
  82  6:57  Drone  
  84  7:03  Drone x2  
  86  7:10  Roach x5  
  86  7:11  Ravager  
  86  7:12  Ravager  
  86  7:13  Ravager x2  
  100  7:18  Overlord  
  100  7:23  Zerg Missile Weapons Level 1  
  100  7:30  Zerg Ground Armor Level 1  
  100  7:37  Drone x2  
  100  7:38  Drone  
  103  7:46  Drone x2  
  103  7:47  Glial Reconstitution  
  103  7:49  Drone x2  
  103  7:50  Queen  
  109  7:55  Drone  
  110  8:02  Drone x2  
  110  8:03  Drone x2  
  110  8:05  Extractor  
  113  8:06  Extractor  
  113  8:12  Roach  
  114  8:13  Overlord  
  114  8:14  Overlord  
  114  8:16  Metabolic Boost  
  114  8:17  Hatchery  
  113  8:32  Roach  
  113  8:33  Roach x3  
  125  8:34  Roach x4  
  125  8:39  Drone  
  125  8:41  Overlord x2  
  125  8:50  Roach  
  125  8:51  Roach  
  129  8:57  Ravager  
  129  9:00  Overlord  
  126  9:03  Overlord  
  126  9:04  Roach x4  
  126  9:06  Ravager x3  
  135  9:12  Ravager  
  135  9:14  Roach x3  
  136  9:20  Roach x5  
  140  9:26  Roach  
  140  9:27  Roach x3  
  148  9:35  Ravager  
  149  9:43  Ravager  
  150  9:49  Roach x4  
  158  9:56  Roach x4  
  166  10:00  Overlord x2  
  158  10:21  Roach x3  
  162  10:22  Roach  
  162  10:23  Roach x3  
  168  10:29  Roach x4  
  168  10:30  Roach  
  168  10:32  Roach x4  
  163  10:37  Roach x2  
  163  10:38  Roach  
  163  10:42  Roach x2  
  163  10:44  Drone x2  
Tags
 
Add a new tag
Caveats
  • Supply blocks, unpowered buildings, or Contaminate may cause inaccurate times.
  • Supply counts are checked every 10 seconds.